 Dungeon Crawl Stone Soup version 0.31-a0-240-gb923e448b6 (webtiles) character file.

Game seed: 9268556400461818709

41 qw the Shooter (level 3, -3/29 HPs)
             Began as a Minotaur Hexslinger on July 11, 2023.
             Slain by Natasha (5 damage)
             ... on level 2 of the Dungeon.
             The game lasted 00:00:17 (721 turns).

qw the Shooter (Minotaur Hexslinger)                 Turns: 721, Time: 00:00:17

Health: -3/29      AC:  3    Str: 12    XL:     3   Next: 32%
Magic:  3/3        EV: 12    Int: 10    God:
Gold:   50         SH:  0    Dex: 14    Spells: 3/4 levels left

rFire   . . .        Y - +1 sling
rCold   . . .        (no shield)
rNeg    . . .        f - +0 leather armour
rPois   .            (helmet restricted)
rElec   .            (no cloak)
rCorr   .            (no gloves)
SInv    .            (no boots)
Will    .....        (no amulet)
Stlth   +            (no ring)
HPRegen 0.24/turn    (no ring)
MPRegen 0.08/turn

%: no passive effects
@: no status effects
A: horns 2, retaliatory headbutt
a: no special abilities


You were on level 2 of the Dungeon.
You visited 1 branch of the dungeon, and saw 2 of its levels.

You collected 50 gold pieces.


Innate Abilities, Weirdness & Mutations

You have a pair of horns on your head.
You reflexively headbutt those who attack you in melee.


   Skills:
 - Level 2.0 Fighting
 + Level 3.9 Ranged Weapons
 - Level 2.1 Dodging
 - Level 1.0 Spellcasting
 - Level 2.0 Hexes


You had 3 spell levels left.
You knew the following spells:

 Your Spells              Type           Power      Damage    Failure   Level
a - Slow                  Hex            16%        N/A       19%         1

Your spell library contained the following spells:

 Spells                   Type           Power      Damage    Failure   Level
 Inner Flame              Hex/Fire       2%         N/A       65%         3
 Portal Projectile        Hex/Tloc       4%         N/A       65%         3
 Cause Fear               Hex            2%         N/A       88%         4

Inventory:

Hand Weapons
 Y - a +1 sling (weapon)
Armour
 f - a +0 leather armour (worn)
Potions
 e - a potion of curing {unknown}

Dungeon Overview and Level Annotations

Branches:
Dungeon (2/15)

Altars:
Makhleb

Annotations:
D:2 Natasha


Message History

You furiously retaliate!
You headbutt Natasha!
You kill Natasha!
Natasha screams in pain as she dies!
The cerulean imp disappears in a puff of smoke!
You have reached level 3!
Your experience leads to an increase in your attributes!
Increase (S)trength, (I)ntelligence, or (D)exterity?
You feel agile. x2
You start resting.
You feel yourself speed up.
Natasha, Servant of Life and Death comes into view.
710 ||| FLEEEEING.
Natasha hisses angrily.
You see here the felid corpse of Natasha.
711 ||| FLEEEEING.
712 ||| FLEEEEING.
713 ||| STILL FLEEEEING.
You shoot a sling bullet. The sling bullet hits Natasha.
Natasha is moderately wounded.
You shoot a sling bullet. The sling bullet hits Natasha.
Natasha is heavily wounded.
Natasha casts a spell at you. The magic dart hits you!
You shoot a sling bullet. The sling bullet hits Natasha.
Natasha is severely wounded.
You shoot a sling bullet. The sling bullet misses Natasha.
Natasha barely misses you.
You shoot a sling bullet. The sling bullet hits Natasha.
Natasha is severely wounded.
Natasha stares at you and mumbles some strange words.
The magic dart hits you. Natasha claws you.
You shoot a sling bullet. The sling bullet hits Natasha.
Natasha is almost dead.
Natasha closely misses you.
You shoot a sling bullet. The sling bullet barely misses Natasha.
Natasha claws you!
You shoot a sling bullet.
The sling bullet closely misses Natasha.
Natasha claws you.
You die...

###################
#######..........)......#
........###############.#
..####### #..|.# #...#
#...# #....# #.###
###..<# #..h@####.#
##)########........#
##.h...%.########
....#####..# . >........#
..^......# #.##.._..#
#...... ........


You could see Natasha.

Vanquished Creatures
  Natasha (D:2)
  An endoplasm (D:1)
  2 hobgoblins (D:1)
  2 jackals (D:1)
  3 kobolds (D:1)
  A quokka (D:1)
  2 ball pythons
  2 goblins
  2 rats (D:1)
16 creatures vanquished.

Notes
Turn   | Place    | Note
-------+----------+-------------------------------------------
     0 | D:1      | qw the Minotaur Hexslinger began the quest for the Orb.
     0 | D:1      | Reached XP level 1. HP: 16/16 MP: 1/1
     0 | D:1      | 0 ||| qw: Version: 0.3-a-52-g30416fa
     0 | D:1      | 0 ||| qw: Game counter: 6045
     0 | D:1      | 0 ||| qw: Melee chars always use a shield: true
     0 | D:1      | 0 ||| qw: God list: Okawaru
     0 | D:1      | 0 ||| qw: Allow faded altars: false
     0 | D:1      | 0 ||| qw: Do Orc after clearing Dungeon:15 true
     0 | D:1      | 0 ||| qw: Do second Lair branch before Depths: true
     0 | D:1      | 0 ||| qw: Lair rune preference: random
     0 | D:1      | 0 ||| qw: Goals: Normal
     0 | D:1      | 0 ||| PLANNING D:1-11
   261 | D:1      | Reached skill level 3 in Ranged Weapons
   261 | D:1      | Reached XP level 2. HP: 23/23 MP: 2/2
   583 | D:1      | 583 ||| UPGRADING to +0 leather armour.
   593 | D:1      | 593 ||| DROPPING +0 robe.
   594 | D:1      | 594 ||| READING scroll labelled ASO RECVEUSENN.
   599 | D:1      | 599 ||| DROPPING scroll of poison.
   660 | D:2      | Found a burning altar of Makhleb.
   663 | D:2      | Noticed Natasha
   664 | D:2      | 664 ||| Stepping ~*~*~tactically~*~*~ (outnumbered).
   666 | D:2      | 666 ||| Stepping ~*~*~tactically~*~*~ (outnumbered).
   668 | D:2      | 668 ||| Stepping ~*~*~tactically~*~*~ (outnumbered).
   669 | D:2      | 669 ||| Stepping ~*~*~tactically~*~*~ (outnumbered).
   674 | D:2      | Killed Natasha
   675 | D:2      | Reached XP level 3. HP: 11/29 MP: 3/3
   709 | D:2      | Noticed Natasha
   710 | D:2      | 710 ||| FLEEEEING.
   711 | D:2      | 711 ||| FLEEEEING.
   712 | D:2      | 712 ||| FLEEEEING.
   720 | D:2      | HP: 1/29 [Natasha (7)]
   721 | D:2      | Slain by Natasha

Levels and vault maps discovered:
D:1:      enne_arrival_octagon_isle, layout_basic, minmay_misc_feat_nine_boxes
D:2:      layout_rooms, serial_shops, shop, basic_altar,
          kennysheep_generic_room_9, uniq_terence, uniq_natasha

Skill      XL: |  1  2 |
---------------+-------+-----
Ranged Weapons | 3 |  3.9
Fighting       | 2 |  2.0
Dodging        | |  2.1
Spellcasting   | |  1.0
Hexes          | |  2.0

Action                     || total
---------------------------++-------
   Fire: Sling             ||    61
    Use: Scroll            ||     1
 Armour: Leather armour    ||     2
  Dodge: Dodged            ||    26

Table legend:
 A = Non-vault XP
 B = Vault XP
 C = Vault XP percentage of total XP
 D = Non-vault monster count
 E = Vault monster count
 F = Vault count percentage of total count
                 A         B        C        D         E       F
            +---------+---------+-------+---------+---------+-------
      Total |      24 |      35 |  59.3 |      15 |       1 |   6.2
            +---------+---------+-------+---------+---------+-------
        D:1 |      21 |       0 |   0.0 |      13 |       0 |   0.0
        D:2 |       3 |      35 |  92.1 |       2 |       1 |  33.3
            +---------+---------+-------+---------+---------+-------
